| TOP OF THE 1ST |
|
Trenton Thunder batting - Pitching for New Hampshire Fisher Cats : RHP Danny Walker
|
|
Pitching: RHP Danny Walker
|
|
|
Batting: RHB Tim Osborn
|
0-0: Ball 1-0: Called Strike 1-1: Ball 2-1: Swinging Strike 2-2: Strikes out swinging
|
|
Batting: SHB Ryan Buchbinder
|
0-0: Ground out 5-3 (Groundball, 5, EV 90.6 MPH)
|
|
Batting: RHB Jose Tovar
|
0-0: Called Strike 0-1: Swinging Strike 0-2: Ball 1-2: Strikes out swinging
|
| Top of the 1st over - 0 runs, 0 hits, 0 errors, 0 left on base; Trenton 0 - New Hampshire 0 |
| BOTTOM OF THE 1ST |
|
New Hampshire Fisher Cats batting - Pitching for Trenton Thunder : RHP Edwin Espinal
|
|
Pitching: RHP Edwin Espinal
|
|
|
Batting: LHB Yoshinari Nara
|
0-0: Ball 1-0: Ball 2-0: Ball 3-0: Base on Balls
|
|
Batting: RHB Scott Travis
|
0-0: Called Strike 0-1: Ball 1-1: Ball Yoshinari Nara is caught stealing 2nd base 2-4 2-1: Ball 3-1: Foul Ball, location: 2F 3-2: SINGLE (Groundball, 25, EV 68.8 MPH) (infield hit)
|
|
Batting: LHB Chaim Huting
|
0-0: Called Strike 0-1: Ball 1-1: Fielders Choice at 2nd, 5-4 (Groundball, 5, EV 91.2 MPH)
|
|
Batting: SHB Jack Andrews
|
0-0: Ball 1-0: Ball 2-0: Called Strike 2-1: TRIPLE (Line Drive, 78D, EV 115.0 MPH) Chaim Huting scores
|
|
Batting: LHB Tso-lin Fen
|
0-0: Ball 1-0: Ball 2-0: Ground out 4-3 (Groundball, 4, EV 85.6 MPH)
|
| Bottom of the 1st over - 1 run, 2 hits, 0 errors, 1 left on base; Trenton 0 - New Hampshire 1 |
| TOP OF THE 2ND |
|
Trenton Thunder batting - Pitching for New Hampshire Fisher Cats : RHP Danny Walker
|
|
Batting: RHB Christian Shearer
|
0-0: Ball 1-0: Called Strike 1-1: Ball 2-1: Foul Ball, location: 2F 2-2: Strikes out swinging
|
|
Batting: RHB Larry Martell
|
0-0: Called Strike 0-1: Ground out 6-3 (Groundball, 6, EV 109.4 MPH)
|
|
Batting: RHB Dale Altman
|
0-0: Swinging Strike 0-1: Foul Ball, location: 2F 0-2: Ball 1-2: Ground out 4-3 (Groundball, 4, EV 88.1 MPH)
|
| Top of the 2nd over - 0 runs, 0 hits, 0 errors, 0 left on base; Trenton 0 - New Hampshire 1 |
| BOTTOM OF THE 2ND |
|
New Hampshire Fisher Cats batting - Pitching for Trenton Thunder : RHP Edwin Espinal
|
|
Batting: RHB Butch Koglin
|
0-0: Ball 1-0: Ball 2-0: Ball 3-0: Called Strike 3-1: Reached via error on a dropped throw from 1B, E1 (Groundball, 34, EV 81.2 MPH)
|
|
Batting: RHB Mike Strey
|
0-0: Ball 1-0: Ball 2-0: Swinging Strike 2-1: Foul Ball, location: 2F 2-2: Strikes out looking
|
|
Batting: RHB Bryan Peterson
|
0-0: Called Strike 0-1: Fielders Choice at 2nd, 4-6 (Groundball, 4M, EV 89.4 MPH)
|
|
Batting: RHB Kirk Seiffert
|
0-0: Ball Bryan Peterson is caught stealing 2nd base 2-4
|
| Bottom of the 2nd over - 0 runs, 0 hits, 1 error, 0 left on base; Trenton 0 - New Hampshire 1 |
| TOP OF THE 3RD |
|
Trenton Thunder batting - Pitching for New Hampshire Fisher Cats : RHP Danny Walker
|
|
Batting: RHB John Sabean
|
0-0: Ground out 4-3 (Groundball, 4, EV 89.4 MPH)
|
|
Batting: RHB Sam Hubbert
|
0-0: Called Strike 0-1: SINGLE (Groundball, 4D, EV 99.4 MPH)
|
|
Batting: RHB Roberto Tena
|
0-0: Foul Ball, location: 2F 0-1: Ball 1-1: Foul Ball, location: 2F 1-2: Strikes out swinging
|
|
Batting: RHB Tim Osborn
|
0-0: Called Strike 0-1: Ball 1-1: Ball 2-1: Foul Ball, location: 2F 2-2: Ball 3-2: Foul Ball, location: 2F 3-2: Foul Ball, location: 2F 3-2: Foul Ball, location: 2F 3-2: Base on Balls Sam Hubbert to second
|
|
Batting: SHB Ryan Buchbinder
|
0-0: Called Strike 0-1: Ground out U3 (Groundball, 34, EV 109.4 MPH)
|
| Top of the 3rd over - 0 runs, 1 hit, 0 errors, 2 left on base; Trenton 0 - New Hampshire 1 |
| BOTTOM OF THE 3RD |
|
New Hampshire Fisher Cats batting - Pitching for Trenton Thunder : RHP Edwin Espinal
|
|
Batting: RHB Kirk Seiffert
|
0-0: Swinging Strike 0-1: Swinging Strike 0-2: Ball 1-2: Foul Ball, location: 2F 1-2: Ball 2-2: Strikes out looking
|
|
Batting: LHB Yoshinari Nara
|
0-0: Foul Ball, location: 2F 0-1: Ball 1-1: Foul Ball, location: 2F 1-2: Ball 2-2: Foul Ball, location: 2F 2-2: Ball 3-2: Ground out 6-3 (Groundball, 6M, EV 84.4 MPH)
|
|
Batting: RHB Scott Travis
|
0-0: Ball 1-0: Ball 2-0: Ball 3-0: Base on Balls
|
|
Batting: LHB Chaim Huting
|
0-0: Foul Ball, location: 2F 0-1: Ball 1-1: Swinging Strike 1-2: Strikes out swinging
|
| Bottom of the 3rd over - 0 runs, 0 hits, 0 errors, 1 left on base; Trenton 0 - New Hampshire 1 |
| TOP OF THE 4TH |
|
Trenton Thunder batting - Pitching for New Hampshire Fisher Cats : RHP Danny Walker
|
|
Batting: RHB Jose Tovar
|
0-0: Ball 1-0: Called Strike 1-1: Foul Ball, location: 2F 1-2: SINGLE (Flyball, 56D, EV 88.8 MPH)
|
|
Batting: RHB Christian Shearer
|
0-0: Called Strike 0-1: Ball 1-1: Swinging Strike 1-2: Ball 2-2: Foul Ball, location: 2F 2-2: Ball 3-2: Base on Balls Jose Tovar to second
|
|
Batting: RHB Larry Martell
|
0-0: Foul Ball, location: 2F 0-1: Ball 1-1: Ball 2-1: Called Strike 2-2: Strikes out looking
|
|
Batting: RHB Dale Altman
|
0-0: Ball 1-0: Called Strike 1-1: Foul Ball, location: 2F 1-2: Foul Ball, location: 2F 1-2: Fielders Choice at 2nd, 6-4 (Groundball, 6, EV 86.9 MPH) Jose Tovar to third
|
|
Batting: RHB John Sabean
|
0-0: Ball 1-0: Swinging Strike 1-1: Ball 2-1: Swinging Strike 2-2: Strikes out swinging
|
| Top of the 4th over - 0 runs, 1 hit, 0 errors, 2 left on base; Trenton 0 - New Hampshire 1 |
| BOTTOM OF THE 4TH |
|
New Hampshire Fisher Cats batting - Pitching for Trenton Thunder : RHP Edwin Espinal
|
|
Batting: SHB Jack Andrews
|
0-0: Ball 1-0: Ball 2-0: Called Strike 2-1: Ball 3-1: Ground out 4-3 (Groundball, 4S, EV 75.6 MPH)
|
|
Batting: LHB Tso-lin Fen
|
0-0: Ball 1-0: Foul Ball, location: 2F 1-1: Ground out 6-3 (Groundball, 6, EV 81.2 MPH)
|
|
Batting: RHB Butch Koglin
|
0-0: Called Strike 0-1: Ball 1-1: Called Strike 1-2: Foul Ball, location: 2F 1-2: DOUBLE (Groundball, 5L, EV 96.2 MPH)
|
|
Batting: RHB Mike Strey
|
0-0: Ball 1-0: Foul Ball, location: 2F 1-1: Swinging Strike 1-2: Foul Ball, location: 2F 1-2: Strikes out swinging
|
| Bottom of the 4th over - 0 runs, 1 hit, 0 errors, 1 left on base; Trenton 0 - New Hampshire 1 |
| TOP OF THE 5TH |
|
Trenton Thunder batting - Pitching for New Hampshire Fisher Cats : RHP Danny Walker
|
|
Batting: RHB Sam Hubbert
|
0-0: Ball 1-0: SOLO HOME RUN (Flyball, 7LD, EV 96.9 MPH), Distance : 346 ft
|
|
Batting: RHB Roberto Tena
|
0-0: Foul Ball, location: 2F 0-1: Ball 1-1: Foul Ball, location: 2F 1-2: SINGLE (Line Drive, 5D, EV 103.1 MPH)
|
|
Batting: RHB Tim Osborn
|
0-0: Ball Roberto Tena is caught stealing 2nd base 2-4 1-0: Ball 2-0: Ground out 6-3 (Groundball, 4M, EV 93.1 MPH)
|
|
Batting: SHB Ryan Buchbinder
|
0-0: Ball 1-0: Ball 2-0: Reached on error, E3 (Groundball, 13, EV 91.2 MPH)
|
|
Batting: RHB Jose Tovar
|
0-0: Foul Ball, location: 2F 0-1: Ball 1-1: Ball 2-1: Called Strike 2-2: Ball 3-2: SINGLE (Line Drive, 7LS, EV 88.8 MPH) Ryan Buchbinder to third Runner from 3rd tries for Home, SAFE, throw by LF to home
|
|
Batting: RHB Christian Shearer
|
0-0: Ball 1-0: Foul Ball, location: 2F 1-1: Foul Ball, location: 2F 1-2: Strikes out swinging
|
| Top of the 5th over - 2 runs, 3 hits, 1 error, 1 left on base; Trenton 2 - New Hampshire 1 |
| BOTTOM OF THE 5TH |
|
New Hampshire Fisher Cats batting - Pitching for Trenton Thunder : RHP Edwin Espinal
|
|
Batting: RHB Bryan Peterson
|
0-0: Ball 1-0: Called Strike 1-1: Ball 2-1: Reached on error, E1 (Groundball, 15S, EV 43.8 MPH)
|
|
Batting: RHB Kirk Seiffert
|
0-0: Swinging Strike 0-1: Swinging Strike 0-2: Ball 1-2: Foul Ball, location: 2F 1-2: Ground out 3-1 (Groundball, 34, EV 86.9 MPH) Bryan Peterson to third
|
|
Batting: LHB Yoshinari Nara
|
0-0: Called Strike 0-1: Swinging Strike 0-2: Ball 1-2: Strikes out swinging
|
|
Batting: RHB Scott Travis
|
0-0: Fly out, F2 (Popup, 2LF, EV 87.5 MPH)
|
| Bottom of the 5th over - 0 runs, 0 hits, 1 error, 1 left on base; Trenton 2 - New Hampshire 1 |
| TOP OF THE 6TH |
|
Trenton Thunder batting - Pitching for New Hampshire Fisher Cats : RHP Danny Walker
|
|
Batting: RHB Larry Martell
|
0-0: Called Strike 0-1: Fly out, F3 (Popup, 23F, EV 91.2 MPH)
|
|
Batting: RHB Dale Altman
|
0-0: Ground out 5-3 (Groundball, 56, EV 104.4 MPH)
|
|
Batting: RHB John Sabean
|
0-0: Ball 1-0: Ground out 5-3 (Groundball, 5S, EV 86.2 MPH)
|
| Top of the 6th over - 0 runs, 0 hits, 0 errors, 0 left on base; Trenton 2 - New Hampshire 1 |
| BOTTOM OF THE 6TH |
|
New Hampshire Fisher Cats batting - Pitching for Trenton Thunder : RHP Edwin Espinal
|
|
Batting: LHB Chaim Huting
|
0-0: Ball 1-0: Swinging Strike 1-1: Ball 2-1: Ball 3-1: Called Strike 3-2: Fly out, F8 (Line Drive, 89M, EV 93.8 MPH)
|
|
Batting: SHB Jack Andrews
|
0-0: Ball 1-0: Ball 2-0: Ball 3-0: Called Strike 3-1: Base on Balls
|
|
Pitching: RHP Antonio Castillo
|
|
|
Batting: LHB Tso-lin Fen
|
0-0: Ball Jack Andrews is caught stealing 2nd base 2-6 1-0: Called Strike 1-1: Foul Ball, location: 2F 1-2: Ball 2-2: Strikes out swinging
|
| Bottom of the 6th over - 0 runs, 0 hits, 0 errors, 0 left on base; Trenton 2 - New Hampshire 1 |
| TOP OF THE 7TH |
|
Trenton Thunder batting - Pitching for New Hampshire Fisher Cats : RHP Danny Walker
|
|
Batting: RHB Sam Hubbert
|
0-0: Called Strike 0-1: Ball 1-1: Called Strike 1-2: Ball 2-2: Strikes out swinging
|
|
Batting: RHB Roberto Tena
|
0-0: Ball 1-0: Ball 2-0: Called Strike 2-1: Ground out U3 (Groundball, 3, EV 82.5 MPH)
|
|
Batting: RHB Tim Osborn
|
0-0: Swinging Strike 0-1: Ball 1-1: Called Strike 1-2: Ground out 4-3 (Groundball, 4M, EV 85.6 MPH)
|
| Top of the 7th over - 0 runs, 0 hits, 0 errors, 0 left on base; Trenton 2 - New Hampshire 1 |
| BOTTOM OF THE 7TH |
|
New Hampshire Fisher Cats batting - Pitching for Trenton Thunder : RHP Antonio Castillo
|
|
Batting: RHB Butch Koglin
|
0-0: Called Strike 0-1: Ball 1-1: Swinging Strike 1-2: Strikes out swinging
|
|
Batting: LHB Rodrigo Briceno
|
0-0: Ball 1-0: Reached on error, E3 (Groundball, 3S, EV 70.6 MPH)
|
|
Batting: RHB Bryan Peterson
|
0-0: Ball 1-0: Foul Ball, location: 2F 1-1: Foul Ball, location: 2F 1-2: Strikes out swinging
|
|
Pinch Hitting: LHB Timo Gomez
|
0-0: Ball 1-0: Ball 2-0: Fly out, F7 (Flyball, 7S, EV 85.6 MPH)
|
| Bottom of the 7th over - 0 runs, 0 hits, 1 error, 1 left on base; Trenton 2 - New Hampshire 1 |
| TOP OF THE 8TH |
|
Trenton Thunder batting - Pitching for New Hampshire Fisher Cats : RHP Danny Walker
|
|
Pitching: LHP Vinny Zavala
|
|
|
Now at 2B: Tristan Dearing
|
|
|
Now at 3B: Scott Travis
|
|
|
Batting: SHB Ryan Buchbinder
|
0-0: Called Strike 0-1: Ground out 4-3 (Groundball, 4, EV 83.1 MPH)
|
|
Batting: RHB Jose Tovar
|
0-0: Ball 1-0: Ball 2-0: Foul Ball, location: 2F 2-1: Ball 3-1: Base on Balls
|
|
Batting: RHB Christian Shearer
|
0-0: Called Strike Jose Tovar steals 2nd base 0-1: Called Strike 0-2: Strikes out looking
|
|
Batting: RHB Larry Martell
|
0-0: Swinging Strike 0-1: Swinging Strike 0-2: Ball 1-2: Strikes out swinging
|
| Top of the 8th over - 0 runs, 0 hits, 0 errors, 1 left on base; Trenton 2 - New Hampshire 1 |
| BOTTOM OF THE 8TH |
|
New Hampshire Fisher Cats batting - Pitching for Trenton Thunder : RHP Antonio Castillo
|
|
Pitching: LHP Nick Turner
|
|
|
Pinch Hitting: RHB Matt Nycz
|
0-0: Called Strike 0-1: Ball 1-1: Ball 2-1: Ground out 6-3 (Groundball, 6, EV 84.4 MPH)
|
|
Pitching: RHP Eddie Aguilar
|
|
|
Batting: RHB Scott Travis
|
0-0: Ball 1-0: Called Strike 1-1: Ball 2-1: Foul Ball, location: 2F 2-2: Foul Ball, location: 2F 2-2: Foul Ball, location: 2F 2-2: Ball 3-2: Foul Ball, location: 2F 3-2: SINGLE (Groundball, 56D, EV 97.5 MPH)
|
|
Pitching: LHP Josh Shaw
|
|
|
Batting: LHB Chaim Huting
|
0-0: SINGLE (Line Drive, 4M, EV 100.0 MPH) Scott Travis to second Runner from 2nd tries for 3rd, SAFE, throw by CF made to third
|
|
Batting: SHB Jack Andrews
|
0-0: Grounds into double play, 4-6-3 (Groundball, 4, EV 101.9 MPH)
|
| Bottom of the 8th over - 0 runs, 2 hits, 0 errors, 1 left on base; Trenton 2 - New Hampshire 1 |
| TOP OF THE 9TH |
|
Trenton Thunder batting - Pitching for New Hampshire Fisher Cats : LHP Vinny Zavala
|
|
Now in CF: Justin Powell
|
|
|
Batting: RHB Dale Altman
|
0-0: Called Strike 0-1: Ground out U3 (Groundball, 3, EV 88.8 MPH)
|
|
Batting: RHB John Sabean
|
0-0: Hit by Pitch
|
|
Batting: RHB Sam Hubbert
|
0-0: Ball 1-0: Ball 2-0: Foul Ball, location: 2F 2-1: Swinging Strike 2-2: Strikes out looking
|
|
Batting: RHB Roberto Tena
|
0-0: Ball 1-0: Called Strike 1-1: Ball 2-1: Ball 3-1: Foul Ball, location: 2F 3-2: Strikes out swinging
|
| Top of the 9th over - 0 runs, 0 hits, 0 errors, 1 left on base; Trenton 2 - New Hampshire 1 |
| BOTTOM OF THE 9TH |
|
New Hampshire Fisher Cats batting - Pitching for Trenton Thunder : LHP Josh Shaw
|
|
Pitching: RHP Ricky Mercer
|
|
|
Batting: LHB Tso-lin Fen
|
0-0: Ball 1-0: Ground out 6-3 (Groundball, 6, EV 81.2 MPH)
|
|
Batting: RHB Butch Koglin
|
0-0: Called Strike 0-1: SINGLE (Groundball, 4D, EV 96.9 MPH)
|
|
Batting: LHB Rodrigo Briceno
|
0-0: Called Strike 0-1: Grounds into double play, 4-6-3 (Groundball, 4, EV 103.8 MPH)
|
| Bottom of the 9th over - 0 runs, 1 hit, 0 errors, 0 left on base; Trenton 2 - New Hampshire 1 |
|